 Dungeon Crawl Stone Soup version 0.31-a0-237-g2d982f9f85 (webtiles) character file.

Game seed: 9798645687858441099

44 qw the Shooter (level 3, -1/21 HPs)
             Began as a Gargoyle Hexslinger on July 11, 2023.
             Slain by a worm (7 damage)
             ... on level 2 of the Dungeon.
             The game lasted 00:00:25 (743 turns).

qw the Shooter (Gargoyle Hexslinger)                 Turns: 743, Time: 00:00:25

Health: -1/21      AC:  5    Str: 11    XL:     3   Next: 62%
Magic:  4/4        EV: 12    Int: 13    God:
Gold:   58         SH:  0    Dex: 14    Spells: 3/4 levels left

rFire   . . .        Y - +1 sling
rCold   . . .        (no shield)
rNeg    + . .        c - +0 robe
rPois   inf          (no helmet)
rElec   +            (no cloak)
rCorr   .            (no gloves)
SInv    .            (no boots)
Will    .....        (no amulet)
Stlth   +            (no ring)
HPRegen 0.23/turn    (no ring)
MPRegen 0.09/turn

%: no passive effects
@: about to teleport
A: sickness immunity, AC +3, negative energy resistance 1, electricity
resistance, torment resistance 1, petrification resistance
a: no special abilities


You were on level 2 of the Dungeon.
You visited 1 branch of the dungeon, and saw 2 of its levels.

You collected 58 gold pieces.


Innate Abilities, Weirdness & Mutations

You are immune to sickness and miasma.
Your stone body is resilient. (AC +3)
You are immune to poison.
You resist negative energy. (rN+)
You are resistant to electric shocks. (rElec)
You are resistant to unholy torment.
You are immune to petrification.


   Skills:
 - Level 2.0 Fighting
 + Level 3.5 Ranged Weapons
 - Level 1.5 Dodging
 - Level 1.0 Spellcasting
 - Level 2.6 Hexes


You had 3 spell levels left.
You knew the following spells:

 Your Spells              Type           Power      Damage    Failure   Level
a - Slow                  Hex            28%        N/A       10%         1

Your spell library contained the following spells:

 Spells                   Type           Power      Damage    Failure   Level
 Inner Flame              Hex/Fire       4%         N/A       43%         3
 Portal Projectile        Hex/Tloc       8%         N/A       43%         3
 Cause Fear               Hex            3%         N/A       67%         4

Inventory:

Hand Weapons
 Y - a +1 sling (weapon)
Armour
 c - a +0 robe (worn)
Scrolls
 b - a scroll of enchant armour {unknown}
 d - a scroll of fog {unknown}

Dungeon Overview and Level Annotations

Branches:
Dungeon (2/15)

Altars:


Message History

You see here a scroll of identify.
Enter note:
Enter note:
Enter note:
Enter note: You shoot a sling bullet.
The sling bullet hits the worm.
The worm is moderately wounded.
You shoot a sling bullet. The sling bullet hits the worm.
The worm is heavily wounded.
You shoot a sling bullet. The sling bullet hits the worm.
The worm is heavily wounded.
A rat comes into view.
You shoot a sling bullet. The sling bullet hits the rat.
You kill the rat!
You shoot a sling bullet. The sling bullet hits the worm.
The worm is heavily wounded.
You shoot a sling bullet.
The sling bullet hits the worm but does no damage.
The worm is heavily wounded.
You shoot a sling bullet. The sling bullet hits the worm.
The worm is heavily wounded.
You shoot a sling bullet. The sling bullet hits the worm.
The worm is heavily wounded.
You shoot a sling bullet.
The sling bullet hits the worm but does no damage.
The worm is heavily wounded.
You shoot a sling bullet.
The sling bullet hits the worm but does no damage.
The worm is heavily wounded.
The worm bites you.
You shoot a sling bullet. The sling bullet hits the worm.
The worm is severely wounded.
The worm bites you!
742 ||| READING scroll of teleportation.
As you read the scroll of teleportation, it crumbles to dust.
You feel strangely unstable.
You shoot a sling bullet.
The sling bullet barely misses the worm.
The worm bites you!
You die...

.......#.#.#.#......#.
.....#.#............
...#.#.#.#.####.#.
##.#)#>#.#........
#....#.#.#########
#....#.#..
#####....#.###
#............
#....@w######
...............
....%..........
....###........ ....
#.....?.. )..
#........ .. #........
#.......$


You could see a worm.

Vanquished Creatures
  An adder (D:2)
  2 endoplasms (D:1)
  2 giant cockroaches (D:1)
  7 hobgoblins
  5 kobolds
  2 quokkas (D:1)
  5 ball pythons (D:1)
  3 bats (D:1)
  A frilled lizard (D:1)
  5 rats
33 creatures vanquished.

Notes
Turn   | Place    | Note
-------+----------+-------------------------------------------
     0 | D:1      | qw the Gargoyle Hexslinger began the quest for the Orb.
     0 | D:1      | Reached XP level 1. HP: 12/12 MP: 2/2
     0 | D:1      | 0 ||| qw: Version: 0.3-a-52-g30416fa
     0 | D:1      | 0 ||| qw: Game counter: 5758
     0 | D:1      | 0 ||| qw: Melee chars always use a shield: true
     0 | D:1      | 0 ||| qw: God list: Okawaru
     0 | D:1      | 0 ||| qw: Allow faded altars: false
     0 | D:1      | 0 ||| qw: Do Orc after clearing Dungeon:15 true
     0 | D:1      | 0 ||| qw: Do second Lair branch before Depths: true
     0 | D:1      | 0 ||| qw: Lair rune preference: random
     0 | D:1      | 0 ||| qw: Goals: Normal
     0 | D:1      | 0 ||| PLANNING D:1-11
    40 | D:1      | Reached XP level 2. HP: 13/16 MP: 3/3
   229 | D:1      | Reached skill level 3 in Ranged Weapons
   401 | D:1      | Reached XP level 3. HP: 21/21 MP: 4/4
   567 | D:1      | 567 ||| READING 2 scrolls labelled ELAMMY EMUHOA.
   572 | D:1      | 572 ||| READING scroll labelled ORUSOE YKLOF.
   573 | D:1      | 573 ||| READING scroll labelled JUWICE LOUKI.
   574 | D:1      | 574 ||| DROPPING scroll of poison.
   741 | D:2      | HP: 5/21 [worm (10)]
   742 | D:2      | 742 ||| READING scroll of teleportation.
   743 | D:2      | Slain by a worm

Levels and vault maps discovered:
D:1:      minmay_arrival_arboretum_small, layout_basic,
          minmay_misc_feat_nine_boxes, minmay_tiny_reverse_x
D:2:      minmay_roachtagon, layout_basic, kennysheep_generic_room_5

Skill      XL: |  1  2 |
---------------+-------+-----
Ranged Weapons | 3 |  3.5
Fighting       | 2 |  2.0
Dodging        | |  1.5
Spellcasting   | |  1.0
Hexes          | |  2.6

Action                     || total
---------------------------++-------
   Fire: Sling             ||   116
    Use: Scroll            ||     4
 Armour: Robe              ||    16
  Dodge: Dodged            ||    36

Table legend:
 A = Non-vault XP
 B = Vault XP
 C = Vault XP percentage of total XP
 D = Non-vault monster count
 E = Vault monster count
 F = Vault count percentage of total count
                 A         B        C        D         E       F
            +---------+---------+-------+---------+---------+-------
      Total |      60 |       4 |   6.2 |      31 |       2 |   6.1
            +---------+---------+-------+---------+---------+-------
        D:1 |      41 |       4 |   8.9 |      26 |       2 |   7.1
        D:2 |      19 |       0 |   0.0 |       5 |       0 |   0.0
            +---------+---------+-------+---------+---------+-------
